SL
BIRMINGHAM BARONS @ BILOXI SHUCKERS
05/17/2099
 
TOP OF THE 1ST
Birmingham Barons batting - Pitching for Biloxi Shuckers : RHP Derek Fauntleroy
Pitching: RHP Derek Fauntleroy
Batting: SHB Milt Gomez 0-0: Called Strike
0-1: Ball
1-1: Ball
2-1: SINGLE (Line Drive, 8RS, EV 109.4 MPH)
Batting: RHB Justin McWilliams 0-0: Ball
1-0: SINGLE (Groundball, 4MD, EV 109.4 MPH)
Milt Gomez to second
Milt Gomez to third
Batting: LHB Billy Stanley 0-0: Ball
1-0: Called Strike
1-1: Ball
2-1: Swinging Strike
2-2: Foul Ball, location: 3DF
2-2: Fly out, F7 (Flyball, 7D, EV 103.1 MPH)
Runner from 3rd tags up, SCORES, no throw by LF
Batting: RHB Antonio Herrera 0-0: Foul Ball, location: 2F
0-1: Fly out, F8 (Flyball, 8LM, EV 90.6 MPH)
Batting: LHB Arsenio Symonds 0-0: Ball
1-0: Called Strike
1-1: Foul Ball, location: 9LSFF
1-2: Ground out 4-3 (Groundball, 4, EV 77.5 MPH)
Top of the 1st over - 1 run, 2 hits, 0 errors, 1 left on base; Birmingham 1 - Biloxi 0
BOTTOM OF THE 1ST
Biloxi Shuckers batting - Pitching for Birmingham Barons : RHP Landon Clair
Pitching: RHP Landon Clair
Batting: SHB Kyle Carlson 0-0: Ground out 6-3 (Groundball, 4M, EV 80.6 MPH)
Batting: RHB John Badowski 0-0: Called Strike
0-1: Foul Ball, location: 2F
0-2: Ground out 6-3 (Groundball, 6, EV 82.5 MPH)
Batting: RHB Marco Gutierrez 0-0: Called Strike
0-1: Foul Ball, location: 25FF
0-2: Fly out, F7 (Flyball, 7, EV 85.0 MPH)
Bottom of the 1st over - 0 runs, 0 hits, 0 errors, 0 left on base; Birmingham 1 - Biloxi 0
TOP OF THE 2ND
Birmingham Barons batting - Pitching for Biloxi Shuckers : RHP Derek Fauntleroy
Batting: RHB Will Doty 0-0: Ball
1-0: Called Strike
1-1: Foul Ball, location: 9LDF
1-2: Strikes out swinging
Batting: RHB Travis Christensen 0-0: Ball
1-0: Swinging Strike
1-1: Foul Ball, location: 5FF
1-2: Foul Ball, location: 2F
1-2: Strikes out swinging
Batting: RHB Won-ho Nham 0-0: Ball
1-0: Ball
2-0: Called Strike
2-1: Ball
3-1: Base on Balls
Batting: RHB Joe Schoeffler 0-0: Swinging Strike
0-1: Ball
1-1: Ball
2-1: Called Strike
2-2: Ball
3-2: Foul Ball, location: 5SF
3-2: Foul Ball, location: 5FF
3-2: Ground out 6-3 (Groundball, 6M, EV 80.0 MPH)
Top of the 2nd over - 0 runs, 0 hits, 0 errors, 1 left on base; Birmingham 1 - Biloxi 0
BOTTOM OF THE 2ND
Biloxi Shuckers batting - Pitching for Birmingham Barons : RHP Landon Clair
Batting: LHB Chris Weinert 0-0: Fly out, F6 (Line Drive, 56D, EV 73.8 MPH)
Batting: RHB Vinny Prestage 0-0: Called Strike
0-1: Ball
1-1: SINGLE (Groundball, 4MD, EV 100.6 MPH)
Batting: LHB Steve Stossel 0-0: Called Strike
0-1: Ball
1-1: Ball
2-1: Ball
3-1: Foul Ball, location: 2F
3-2: Fielders Choice at 2nd, 4-6 (Groundball, 13, EV 82.5 MPH)
Batting: RHB Jose Tarango 0-0: Ground out 6-3 (Groundball, 56, EV 104.4 MPH)
Bottom of the 2nd over - 0 runs, 1 hit, 0 errors, 1 left on base; Birmingham 1 - Biloxi 0
TOP OF THE 3RD
Birmingham Barons batting - Pitching for Biloxi Shuckers : RHP Derek Fauntleroy
Batting: SHB Milt Gomez 0-0: Ground out U3 (Groundball, 34, EV 79.4 MPH)
Batting: RHB Justin McWilliams 0-0: Foul Ball, location: 2F
0-1: Called Strike
0-2: Strikes out looking
Batting: LHB Billy Stanley 0-0: Called Strike
0-1: Called Strike
0-2: Foul Ball, location: 5DF
0-2: Strikes out looking
Top of the 3rd over - 0 runs, 0 hits, 0 errors, 0 left on base; Birmingham 1 - Biloxi 0
BOTTOM OF THE 3RD
Biloxi Shuckers batting - Pitching for Birmingham Barons : RHP Landon Clair
Batting: RHB Cesar Oropeza 0-0: Ball
1-0: Ball
2-0: Fly out, F9 (Flyball, 9LD, EV 103.1 MPH)
Batting: LHB Mike Hollenshead 0-0: Ball
1-0: Ball
2-0: Foul Ball, location: 23F
2-1: SINGLE (Line Drive, 34D, EV 100.0 MPH)
Batting: SHB Kyle Carlson 0-0: Called Strike
0-1: Fly out, F9 (Flyball, 9, EV 88.8 MPH)
Batting: RHB John Badowski 0-0: Called Strike
0-1: Foul Ball, location: 2F
0-2: Foul Ball, location: 9LSF
0-2: Strikes out swinging
Bottom of the 3rd over - 0 runs, 1 hit, 0 errors, 1 left on base; Birmingham 1 - Biloxi 0
TOP OF THE 4TH
Birmingham Barons batting - Pitching for Biloxi Shuckers : RHP Derek Fauntleroy
Batting: RHB Antonio Herrera 0-0: Foul Ball, location: 2F
0-1: Fly out, F7 (Flyball, 7D, EV 98.8 MPH)
Batting: LHB Arsenio Symonds 0-0: Called Strike
0-1: Ball
1-1: Ball
2-1: SINGLE (Groundball, 4, EV 100.6 MPH) (infield hit)
Batting: RHB Will Doty 0-0: Called Strike
0-1: Called Strike
0-2: Foul Ball, location: 2F
0-2: Strikes out swinging
Batting: RHB Travis Christensen 0-0: Ball
1-0: Swinging Strike
1-1: Ball
2-1: Ball
3-1: Foul Ball, location: 23F
3-2: Base on Balls
Arsenio Symonds to second
Batting: RHB Won-ho Nham 0-0: Ball
1-0: Called Strike
1-1: Called Strike
1-2: Ball
2-2: Ball
3-2: Strikes out swinging
Top of the 4th over - 0 runs, 1 hit, 0 errors, 2 left on base; Birmingham 1 - Biloxi 0
BOTTOM OF THE 4TH
Biloxi Shuckers batting - Pitching for Birmingham Barons : RHP Landon Clair
Batting: RHB Marco Gutierrez 0-0: Foul Ball, location: 23F
0-1: Foul Ball, location: 2F
0-2: Ball
1-2: Ball
2-2: Foul Ball, location: 23F
2-2: Fly out, F8 (Flyball, 89M, EV 91.3 MPH)
Batting: LHB Chris Weinert 0-0: Ball
1-0: Called Strike
1-1: Foul Ball, location: 5F
1-2: Strikes out swinging passed ball, reaches first!
Batting: RHB Vinny Prestage 0-0: Ball
1-0: Ball
2-0: Grounds into double play, 6-4-3 (Groundball, 6, EV 79.4 MPH)
Bottom of the 4th over - 0 runs, 0 hits, 0 errors, 0 left on base; Birmingham 1 - Biloxi 0
TOP OF THE 5TH
Birmingham Barons batting - Pitching for Biloxi Shuckers : RHP Derek Fauntleroy
Batting: RHB Joe Schoeffler 0-0: Ball
1-0: Ball
2-0: Single, Error in OF, E9, batter to second base (Groundball, 34D, EV 105.0 MPH)
Batting: SHB Milt Gomez 0-0: Swinging Strike
0-1: Ground out 4-3 (Groundball, 4, EV 87.5 MPH)
Joe Schoeffler to third
Batting: RHB Justin McWilliams 0-0: Fly out, F8 (Flyball, 8LXD, EV 97.5 MPH)
Runner from 3rd tags up, SCORES, no throw by CF
Batting: LHB Billy Stanley 0-0: Ball
1-0: Ball
2-0: Swinging Strike
2-1: Ball
3-1: Fly out, F9 (Flyball, 89S, EV 81.3 MPH)
Top of the 5th over - 1 run, 1 hit, 1 error, 0 left on base; Birmingham 2 - Biloxi 0
BOTTOM OF THE 5TH
Biloxi Shuckers batting - Pitching for Birmingham Barons : RHP Landon Clair
Batting: LHB Steve Stossel 0-0: Called Strike
0-1: Foul Ball, location: 5SF
0-2: Strikes out looking
Batting: RHB Jose Tarango 0-0: Ball
1-0: Ball
2-0: Foul Ball, location: 2F
2-1: Foul Ball, location: 2F
2-2: Ball
3-2: Foul Ball, location: 9LMF
3-2: Strikes out swinging
Batting: RHB Cesar Oropeza 0-0: Foul Ball, location: 23FF
0-1: Ground out 5-3 (Groundball, 5, EV 104.4 MPH)
Bottom of the 5th over - 0 runs, 0 hits, 0 errors, 0 left on base; Birmingham 2 - Biloxi 0
TOP OF THE 6TH
Birmingham Barons batting - Pitching for Biloxi Shuckers : RHP Derek Fauntleroy
Batting: RHB Antonio Herrera 0-0: Ball
1-0: Ball
2-0: Called Strike
2-1: Foul Ball, location: 3F
2-2: Foul Ball, location: 2F
2-2: Strikes out swinging
Batting: LHB Arsenio Symonds 0-0: Foul Ball, location: 3FF
0-1: Ball
1-1: Ball
2-1: Ball
3-1: Called Strike
3-2: Strikes out swinging
Batting: RHB Will Doty 0-0: Ball
1-0: Foul Ball, location: 2F
1-1: Foul Ball, location: 2F
1-2: Strikes out swinging
Top of the 6th over - 0 runs, 0 hits, 0 errors, 0 left on base; Birmingham 2 - Biloxi 0
BOTTOM OF THE 6TH
Biloxi Shuckers batting - Pitching for Birmingham Barons : RHP Landon Clair
Batting: LHB Mike Hollenshead 0-0: Ball
1-0: Ball
2-0: Called Strike
2-1: Ball
3-1: Base on Balls
Batting: SHB Kyle Carlson 0-0: SINGLE (Groundball, 6S, EV 67.5 MPH) (infield hit)
Mike Hollenshead to second
Batting: RHB John Badowski 0-0: Swinging Strike
0-1: Foul Ball, location: 7LDF
0-2: Strikes out swinging
Batting: RHB Marco Gutierrez 0-0: Ball
1-0: Foul Ball, location: 9LMF
1-1: Swinging Strike
1-2: Foul Ball, location: 2F
1-2: Strikes out swinging
Batting: LHB Chris Weinert 0-0: Ground out 4-3 (Groundball, 4, EV 85.6 MPH)
Bottom of the 6th over - 0 runs, 1 hit, 0 errors, 2 left on base; Birmingham 2 - Biloxi 0
TOP OF THE 7TH
Birmingham Barons batting - Pitching for Biloxi Shuckers : RHP Derek Fauntleroy
Batting: RHB Travis Christensen 0-0: Ball
1-0: Swinging Strike
1-1: Fly out, F8 (Flyball, 8RD, EV 91.3 MPH)
Batting: RHB Won-ho Nham 0-0: SINGLE (Line Drive, 78S, EV 97.5 MPH)
Batting: RHB Joe Schoeffler 0-0: Ball
1-0: Foul Ball, location: 2F
1-1: Grounds into double play, U3-6 (Groundball, 3L, EV 86.9 MPH)
Top of the 7th over - 0 runs, 1 hit, 0 errors, 0 left on base; Birmingham 2 - Biloxi 0
BOTTOM OF THE 7TH
Biloxi Shuckers batting - Pitching for Birmingham Barons : RHP Landon Clair
Batting: RHB Vinny Prestage 0-0: Called Strike
0-1: Ball
1-1: Swinging Strike
1-2: Foul Ball, location: 9LDF
1-2: Ball
2-2: Foul Ball, location: 2F
2-2: Ball
3-2: Strikes out swinging
Batting: LHB Steve Stossel 0-0: Ball
1-0: Ball
2-0: Ground out 4-3 (Groundball, 4D, EV 107.5 MPH)
Batting: RHB Jose Tarango 0-0: Called Strike
0-1: Foul Ball, location: 25F
0-2: Ball
1-2: Fly out, F3 (Popup, 3SF, EV 76.3 MPH)
Bottom of the 7th over - 0 runs, 0 hits, 0 errors, 0 left on base; Birmingham 2 - Biloxi 0
TOP OF THE 8TH
Birmingham Barons batting - Pitching for Biloxi Shuckers : RHP Derek Fauntleroy
Batting: SHB Milt Gomez 0-0: Ball
1-0: Fly out, F8 (Flyball, 8RD, EV 102.5 MPH)
Batting: RHB Justin McWilliams 0-0: Fly out, F9 (Flyball, 9, EV 86.9 MPH)
Batting: LHB Billy Stanley 0-0: Ball
1-0: Foul Ball, location: 9LMF
1-1: Ball
2-1: Ball
3-1: Foul Ball, location: 9LSF
3-2: Ground out 5-3 (Groundball, 56, EV 104.4 MPH)
Top of the 8th over - 0 runs, 0 hits, 0 errors, 0 left on base; Birmingham 2 - Biloxi 0
BOTTOM OF THE 8TH
Biloxi Shuckers batting - Pitching for Birmingham Barons : RHP Landon Clair
Pitching: RHP Josh Ambro
Batting: RHB Cesar Oropeza 0-0: Called Strike
0-1: Swinging Strike
0-2: Ball
1-2: Ball
2-2: Strikes out looking
Batting: LHB Mike Hollenshead 0-0: Swinging Strike
0-1: Ball
1-1: Foul Ball, location: 2F
1-2: Fly out, F8 (Flyball, 8LM, EV 94.4 MPH)
Batting: SHB Kyle Carlson 0-0: Ball
1-0: Foul Ball, location: 2F
1-1: Ball
2-1: Fly out, F8 (Flyball, 8RD, EV 107.5 MPH)
Bottom of the 8th over - 0 runs, 0 hits, 0 errors, 0 left on base; Birmingham 2 - Biloxi 0
TOP OF THE 9TH
Birmingham Barons batting - Pitching for Biloxi Shuckers : RHP Derek Fauntleroy
Batting: RHB Antonio Herrera 0-0: Called Strike
0-1: Foul Ball, location: 5F
0-2: Foul Ball, location: 7LDF
0-2: Strikes out looking
Batting: LHB Arsenio Symonds 0-0: Ball
1-0: Called Strike
1-1: Ground out 4-3 (Groundball, 4, EV 89.4 MPH)
Batting: RHB Will Doty 0-0: SINGLE (Line Drive, 9S, EV 108.8 MPH)
Batting: RHB Travis Christensen 0-0: Ball
1-0: Fly out, F7 (Flyball, 78D, EV 99.4 MPH)
Top of the 9th over - 0 runs, 1 hit, 0 errors, 1 left on base; Birmingham 2 - Biloxi 0
BOTTOM OF THE 9TH
Biloxi Shuckers batting - Pitching for Birmingham Barons : RHP Josh Ambro
Batting: RHB John Badowski 0-0: Called Strike
0-1: Ball
1-1: Ball
2-1: Foul Ball, location: 9LDF
2-2: Ball
3-2: Strikes out looking
Batting: RHB Marco Gutierrez 0-0: Ball
1-0: Called Strike
1-1: Fly out, F8 (Flyball, 89D, EV 105.0 MPH)
Batting: LHB Chris Weinert 0-0: Called Strike
0-1: Swinging Strike
0-2: Fly out, F5 (Popup, 56S, EV 80.0 MPH)
Bottom of the 9th over - 0 runs, 0 hits, 0 errors, 0 left on base; Birmingham 2 - Biloxi 0
Monday, May 6th , 2024 - OOTP Baseball 24.11 Build 85